TOP OF THE 1ST |
Menlo Maniacs batting - Pitching for San Diego Smashers : LHP Sloan Sanders
|
Pitching: LHP Sloan Sanders
|
|
Batting: RHB Manuel Alonso
|
0-0: SINGLE (Flyball, 8LS)
|
Batting: RHB Gilberto León
|
0-0: Ball 1-0: Foul Ball, location: 2F 1-1: Swinging Strike 1-2: Ball 2-2: Ground out 4-3 (Groundball, 4MS) Manuel Alonso to second
|
Batting: LHB Bill McCraney
|
0-0: Ball 1-0: Foul Ball, location: 2F 1-1: Foul Ball, location: 2F 1-2: Fly out, F7 (Flyball, 7S)
|
Batting: RHB Jason Blair
|
0-0: Called Strike 0-1: Foul Ball, location: 2F 0-2: Ball 1-2: Ball 2-2: Strikes out looking
|
Top of the 1st over - 0 run(s), 1 hit(s), 0 error(s), 1 left on base; Menlo 0 - San Diego 0 |
BOTTOM OF THE 1ST |
San Diego Smashers batting - Pitching for Menlo Maniacs : RHP Brad Small
|
Pitching: RHP Brad Small
|
|
Batting: LHB Michael Myers
|
0-0: Ball 1-0: SINGLE (Flyball, 6MD)
|
Batting: RHB Gerald Davis
|
0-0: Ball 1-0: Ball 2-0: Ball 3-0: Called Strike 3-1: Base on Balls Michael Myers to second
|
Batting: LHB Ethan Shaw
|
0-0: Ball 1-0: Fly out, F2 (Popup, 13S)
|
Batting: LHB Richard Brooks
|
0-0: Called Strike Michael Myers is caught stealing 3rd base Gerald Davis to second 0-1: Foul Ball, location: 2F 0-2: Foul Ball, location: 2F 0-2: Strikes out swinging
|
Bottom of the 1st over - 0 run(s), 1 hit(s), 0 error(s), 1 left on base; Menlo 0 - San Diego 0 |
TOP OF THE 2ND |
Menlo Maniacs batting - Pitching for San Diego Smashers : LHP Sloan Sanders
|
Batting: LHB Tim Ramsey
|
0-0: Ball 1-0: Foul Ball, location: 2F 1-1: Ground out U3 (Groundball, 34)
|
Batting: RHB Kyle Mann
|
0-0: Foul Ball, location: 2F 0-1: Called Strike 0-2: Foul Ball, location: 2F 0-2: Strikes out looking
|
Batting: LHB Robby Lawson
|
0-0: Ball 1-0: Foul Ball, location: 2F 1-1: Ball 2-1: Foul Ball, location: 2F 2-2: Reached on error, E4 (Groundball, 34)
|
Batting: LHB Bernardo Rodríguez
|
0-0: Ball 1-0: Ball 2-0: Called Strike 2-1: Fielders Choice at 2nd, 6-4 (Groundball, 6)
|
Top of the 2nd over - 0 run(s), 0 hit(s), 1 error(s), 0 left on base; Menlo 0 - San Diego 0 |
BOTTOM OF THE 2ND |
San Diego Smashers batting - Pitching for Menlo Maniacs : RHP Brad Small
|
Batting: LHB Gonzalo Benítez
|
0-0: Ball 1-0: Called Strike 1-1: Swinging Strike 1-2: Strikes out swinging
|
Batting: RHB Ray Rogers
|
0-0: Called Strike 0-1: SINGLE (Line Drive, 3D)
|
Batting: RHB John Nelson
|
0-0: Ball 1-0: SINGLE (Groundball, 34D) Ray Rogers to second Runner from 2nd tries for 3rd, SAFE, throw made to third
|
Batting: RHB Gustavo Torres
|
0-0: Ball 1-0: Called Strike 1-1: Ball 2-1: Ball 3-1: Called Strike 3-2: Foul Ball, location: 2F 3-2: Base on Balls John Nelson to second
|
Batting: RHB Dave King
|
0-0: Called Strike 0-1: Swinging Strike 0-2: Ball 1-2: Foul Ball, location: 2F 1-2: Ball 2-2: Ground out 6-3 (Groundball, 6MD) Ray Rogers scores John Nelson to third Gustavo Torres to second
|
Batting: LHB Michael Myers
|
0-0: Ball 1-0: Ball 2-0: Called Strike 2-1: Fly out, F8 (Flyball, 78M)
|
Bottom of the 2nd over - 1 run(s), 2 hit(s), 0 error(s), 2 left on base; Menlo 0 - San Diego 1 |
TOP OF THE 3RD |
Menlo Maniacs batting - Pitching for San Diego Smashers : LHP Sloan Sanders
|
Batting: SHB José Vélez
|
0-0: Ground out 4-3 (Groundball, 4)
|
Batting: RHB Manuel Alonso
|
0-0: Swinging Strike 0-1: Ball 1-1: Foul Ball, location: 2F 1-2: Ball 2-2: Strikes out swinging
|
Batting: RHB Gilberto León
|
0-0: Ball 1-0: Ball 2-0: Foul Ball, location: 2F 2-1: Foul Ball, location: 2F 2-2: Ball 3-2: Base on Balls
|
Batting: LHB Bill McCraney
|
0-0: SINGLE (Line Drive, 6M) Gilberto León to second
|
Batting: RHB Jason Blair
|
0-0: Called Strike 0-1: SINGLE (Line Drive, 9S) Gilberto León to third Bill McCraney to second
|
Batting: LHB Tim Ramsey
|
0-0: Ball 1-0: Fly out, F7 (Flyball, 7S)
|
Top of the 3rd over - 0 run(s), 2 hit(s), 0 error(s), 3 left on base; Menlo 0 - San Diego 1 |
BOTTOM OF THE 3RD |
San Diego Smashers batting - Pitching for Menlo Maniacs : RHP Brad Small
|
Batting: RHB Gerald Davis
|
0-0: Ball 1-0: SINGLE (Groundball, 56D)
|
Batting: LHB Ethan Shaw
|
0-0: Ball 1-0: Called Strike 1-1: Foul Ball, location: 2F 1-2: Strikes out swinging
|
Batting: LHB Richard Brooks
|
0-0: Ball 1-0: Foul Ball, location: 2F 1-1: SINGLE (Line Drive, 4MD) Gerald Davis to second
|
Batting: LHB Gonzalo Benítez
|
0-0: Called Strike 0-1: Ball 1-1: Fielders Choice at 2nd, 1-6 (Groundball, 13S) Gerald Davis to third
|
Batting: RHB Ray Rogers
|
0-0: Ball 1-0: Ball 2-0: Ball 3-0: Base on Balls Gonzalo Benítez to second
|
Batting: RHB John Nelson
|
0-0: Ball 1-0: Swinging Strike 1-1: Foul Ball, location: 2F 1-2: Strikes out swinging
|
Bottom of the 3rd over - 0 run(s), 2 hit(s), 0 error(s), 3 left on base; Menlo 0 - San Diego 1 |
TOP OF THE 4TH |
Menlo Maniacs batting - Pitching for San Diego Smashers : LHP Sloan Sanders
|
Batting: RHB Kyle Mann
|
0-0: Ball 1-0: Swinging Strike 1-1: Ball 2-1: SINGLE (Groundball, 6MD)
|
Batting: LHB Robby Lawson
|
0-0: Foul Ball, location: 2F 0-1: Swinging Strike 0-2: Strikes out swinging
|
Batting: LHB Bernardo Rodríguez
|
0-0: Ball 1-0: Ball 2-0: Fly out, F9 (Flyball, 89M)
|
Batting: SHB José Vélez
|
0-0: Ball 1-0: Called Strike 1-1: Ball 2-1: Swinging Strike 2-2: DOUBLE (Flyball, 78M) Kyle Mann to third Runner from 3rd tries for Home, SAFE, no throw
|
Batting: RHB Manuel Alonso
|
0-0: Called Strike 0-1: Called Strike 0-2: Ball 1-2: Strikes out swinging
|
Top of the 4th over - 1 run(s), 2 hit(s), 0 error(s), 1 left on base; Menlo 1 - San Diego 1 |
BOTTOM OF THE 4TH |
San Diego Smashers batting - Pitching for Menlo Maniacs : RHP Brad Small
|
Batting: RHB Gustavo Torres
|
0-0: Called Strike 0-1: Foul Ball, location: 2F 0-2: Ground out 1-3 (Groundball, 13S)
|
Batting: RHB Dave King
|
0-0: Called Strike 0-1: Ball 1-1: Foul Ball, location: 2F 1-2: Ball 2-2: Ball 3-2: Base on Balls
|
Batting: LHB Michael Myers
|
0-0: Ball 1-0: Called Strike 1-1: Ball 2-1: Ball 3-1: Foul Ball, location: 2F 3-2: Reached on error, E4 (Groundball, 4) Dave King to second
|
Batting: RHB Gerald Davis
|
0-0: Ball 1-0: Ball 2-0: Ball 3-0: Base on Balls Dave King to third Michael Myers to second
|
Batting: LHB Ethan Shaw
|
0-0: Called Strike 0-1: Fly out, F8 (Flyball, 8LS)
|
Batting: LHB Richard Brooks
|
0-0: Ball 1-0: Called Strike 1-1: Foul Ball, location: 2F 1-2: Ball Wild Pitch! Dave King scores Michael Myers to third Gerald Davis to second 2-2: Ball 3-2: Base on Balls
|
Batting: LHB Gonzalo Benítez
|
0-0: Called Strike 0-1: Ball 1-1: Ball 2-1: Ball 3-1: Base on Balls Michael Myers scores Gerald Davis to third Richard Brooks to second
|
Batting: RHB Ray Rogers
|
0-0: Called Strike 0-1: Swinging Strike 0-2: Ball 1-2: Strikes out swinging
|
Bottom of the 4th over - 2 run(s), 0 hit(s), 1 error(s), 3 left on base; Menlo 1 - San Diego 3 |
TOP OF THE 5TH |
Menlo Maniacs batting - Pitching for San Diego Smashers : LHP Sloan Sanders
|
Batting: RHB Gilberto León
|
0-0: Ball 1-0: Called Strike 1-1: Ball 2-1: SINGLE (Line Drive, 89S)
|
Batting: LHB Bill McCraney
|
0-0: Ball 1-0: Foul Ball, location: 2F 1-1: Ground out U3 (Groundball, 23) Gilberto León to second
|
Batting: RHB Jason Blair
|
0-0: Called Strike 0-1: Ball 1-1: Ball 2-1: Ball 3-1: Base on Balls
|
Batting: LHB Tim Ramsey
|
0-0: Ball 1-0: Fly out, F9 (Flyball, 9)
|
Batting: RHB Kyle Mann
|
0-0: Ball 1-0: Foul Ball, location: 2F 1-1: Ball 2-1: Swinging Strike 2-2: Foul Ball, location: 2F 2-2: Ball 3-2: Base on Balls Gilberto León to third Jason Blair to second
|
Batting: LHB Robby Lawson
|
0-0: Foul Ball, location: 2F 0-1: Ball 1-1: Fly out, F8 (Flyball, 78D)
|
Top of the 5th over - 0 run(s), 1 hit(s), 0 error(s), 3 left on base; Menlo 1 - San Diego 3 |
BOTTOM OF THE 5TH |
San Diego Smashers batting - Pitching for Menlo Maniacs : RHP Brad Small
|
Pitching: LHP Marc Sizemore
|
|
Batting: RHB John Nelson
|
0-0: Ball 1-0: Swinging Strike 1-1: Ground out 5-3 (Groundball, 56)
|
Batting: RHB Gustavo Torres
|
0-0: Swinging Strike 0-1: TRIPLE (Flyball, 7LM)
|
Batting: RHB Dave King
|
0-0: Ball 1-0: Called Strike 1-1: Fly out, F7 (Flyball, 78D) Runner from 3rd tags up, SCORES, no throw
|
Batting: LHB Michael Myers
|
0-0: Ball 1-0: Called Strike 1-1: Fly out, F8 (Line Drive, 89M)
|
Bottom of the 5th over - 1 run(s), 1 hit(s), 0 error(s), 0 left on base; Menlo 1 - San Diego 4 |
TOP OF THE 6TH |
Menlo Maniacs batting - Pitching for San Diego Smashers : LHP Sloan Sanders
|
Batting: LHB Bernardo Rodríguez
|
0-0: Ball 1-0: Called Strike 1-1: Called Strike 1-2: Strikes out looking
|
Pitching: RHP Norberto Deleón
|
|
Batting: SHB José Vélez
|
0-0: SOLO HOME RUN (Line Drive, 9D), Distance : 375 ft
|
Pitching: LHP Alejandro Flores
|
|
Batting: RHB Manuel Alonso
|
0-0: Foul Ball, location: 2F 0-1: SINGLE (Groundball, 6D)
|
Batting: RHB Gilberto León
|
0-0: Ball 1-0: Called Strike Manuel Alonso steals 2nd base 1-1: Ball 2-1: SINGLE (Groundball, 34D) Manuel Alonso to third Runner from 3rd tries for Home, SAFE, no throw
|
Pitching: LHP Mike Stevens
|
|
Batting: LHB Bill McCraney
|
0-0: Foul Ball, location: 2F 0-1: Ball Wild Pitch! Gilberto León to second 1-1: Called Strike 1-2: Ground out 4-3 (Groundball, 4) Gilberto León to third
|
Batting: RHB Jason Blair
|
0-0: Ball 1-0: Fly out, F9 (Flyball, 9LS)
|
Top of the 6th over - 2 run(s), 3 hit(s), 0 error(s), 1 left on base; Menlo 3 - San Diego 4 |
BOTTOM OF THE 6TH |
San Diego Smashers batting - Pitching for Menlo Maniacs : LHP Marc Sizemore
|
Batting: RHB Gerald Davis
|
0-0: Ball 1-0: Ball 2-0: Ball 3-0: Called Strike 3-1: Foul Ball, location: 2F 3-2: Base on Balls
|
Batting: LHB Ethan Shaw
|
0-0: DOUBLE (Flyball, 89XD) Gerald Davis to third Runner from 3rd tries for Home, SAFE, no throw
|
Batting: LHB Richard Brooks
|
0-0: Intentional Walk
|
Batting: LHB Gonzalo Benítez
|
0-0: Ball 1-0: Called Strike 1-1: Reached via error on a dropped throw, E4 Ethan Shaw to third Richard Brooks to second
|
Batting: RHB Ray Rogers
|
0-0: Called Strike 0-1: Called Strike 0-2: Strikes out swinging
|
Batting: RHB John Nelson
|
0-0: SINGLE (Groundball, 34D) Ethan Shaw scores Richard Brooks to third Gonzalo Benítez to second Runner from 3rd tries for Home, SAFE, throw made home
|
Pitching: RHP Gerard Gustafson
|
|
Batting: RHB Gustavo Torres
|
0-0: Called Strike 0-1: SINGLE (Groundball, 56D) Gonzalo Benítez to third John Nelson to second Runner from 3rd tries for Home, SAFE, no throw
|
Batting: RHB Dave King
|
0-0: Ball 1-0: Foul Ball, location: 2F 1-1: SINGLE (Flyball, 9S) John Nelson to third Gustavo Torres to second Runner from 3rd tries for Home, SAFE, no throw
|
Batting: LHB Michael Myers
|
0-0: Ball Gustavo Torres is caught stealing 3rd base Dave King to second 1-0: Ball 2-0: Ball 3-0: Called Strike 3-1: SINGLE (Groundball, 4) (infield hit) Dave King to third
|
Batting: RHB Gerald Davis
|
0-0: Ball 1-0: Fly out, F8 (Flyball, 8RM)
|
Bottom of the 6th over - 5 run(s), 5 hit(s), 1 error(s), 2 left on base; Menlo 3 - San Diego 9 |
TOP OF THE 7TH |
Menlo Maniacs batting - Pitching for San Diego Smashers : LHP Mike Stevens
|
Batting: LHB Tim Ramsey
|
0-0: Called Strike 0-1: Ball 1-1: Ball 2-1: Ball 3-1: Base on Balls
|
Batting: RHB Kyle Mann
|
0-0: Ball Wild Pitch! Tim Ramsey to second 1-0: Ball 2-0: Ball 3-0: Base on Balls
|
Batting: LHB Robby Lawson
|
0-0: Ball 1-0: Ball Wild Pitch! Tim Ramsey to third Kyle Mann to second 2-0: Called Strike 2-1: Ball 3-1: Base on Balls
|
Batting: LHB Bernardo Rodríguez
|
0-0: Ball 1-0: Foul Ball, location: 2F 1-1: Foul Ball, location: 2F 1-2: Ball 2-2: Foul Ball, location: 2F 2-2: Foul Ball, location: 2F 2-2: Foul Ball, location: 2F 2-2: Fly out, F6 (Popup, 6S)
|
Batting: SHB José Vélez
|
0-0: Foul Ball, location: 2F 0-1: Called Strike 0-2: Ball 1-2: Strikes out looking
|
Batting: RHB Manuel Alonso
|
0-0: Fly out, F7 (Flyball, 7LS)
|
Top of the 7th over - 0 run(s), 0 hit(s), 0 error(s), 3 left on base; Menlo 3 - San Diego 9 |
BOTTOM OF THE 7TH |
San Diego Smashers batting - Pitching for Menlo Maniacs : RHP Gerard Gustafson
|
Batting: LHB Ethan Shaw
|
0-0: Fly out, F8 (Flyball, 8LS)
|
Batting: LHB Richard Brooks
|
0-0: Foul Ball, location: 2F 0-1: Called Strike 0-2: Ball 1-2: Foul Ball, location: 2F 1-2: Ball 2-2: Fly out, F7 (Flyball, 78S)
|
Batting: LHB Gonzalo Benítez
|
0-0: Called Strike 0-1: Ground out 4-3 (Groundball, 4MS)
|
Bottom of the 7th over - 0 run(s), 0 hit(s), 0 error(s), 0 left on base; Menlo 3 - San Diego 9 |
TOP OF THE 8TH |
Menlo Maniacs batting - Pitching for San Diego Smashers : LHP Mike Stevens
|
Now at SS: Walt Rodgers
|
|
Batting: RHB Gilberto León
|
0-0: Ball 1-0: Ball 2-0: Ball 3-0: Base on Balls
|
Batting: LHB Bill McCraney
|
0-0: Ball 1-0: Swinging Strike 1-1: Ball 2-1: Called Strike 2-2: Strikes out looking
|
Batting: RHB Jason Blair
|
0-0: Called Strike 0-1: Called Strike 0-2: Strikes out looking
|
Batting: LHB Tim Ramsey
|
0-0: Ball 1-0: Ground out U3 (Groundball, 3S)
|
Top of the 8th over - 0 run(s), 0 hit(s), 0 error(s), 1 left on base; Menlo 3 - San Diego 9 |
BOTTOM OF THE 8TH |
San Diego Smashers batting - Pitching for Menlo Maniacs : RHP Gerard Gustafson
|
Batting: RHB Ray Rogers
|
0-0: Swinging Strike 0-1: Ball 1-1: Foul Ball, location: 2F 1-2: Strikes out swinging
|
Batting: RHB John Nelson
|
0-0: Ball 1-0: Foul Ball, location: 2F 1-1: Ball 2-1: Called Strike 2-2: Ball 3-2: Foul Ball, location: 2F 3-2: Base on Balls
|
Batting: RHB Gustavo Torres
|
0-0: Ball 1-0: Ball 2-0: Ball 3-0: Called Strike 3-1: Fly out, F8 (Flyball, 8RD)
|
Batting: RHB Dave King
|
0-0: Called Strike John Nelson is caught stealing 2nd base
|
Bottom of the 8th over - 0 run(s), 0 hit(s), 0 error(s), 0 left on base; Menlo 3 - San Diego 9 |
TOP OF THE 9TH |
Menlo Maniacs batting - Pitching for San Diego Smashers : LHP Mike Stevens
|
Pitching: RHP Rick Hernández
|
|
Batting: RHB Kyle Mann
|
0-0: Ball 1-0: Ground out 6-3 (Groundball, 6M)
|
Batting: LHB Robby Lawson
|
0-0: Ball 1-0: Ground out 4-3 (Groundball, 4)
|
Batting: LHB Bernardo Rodríguez
|
0-0: Swinging Strike 0-1: Ball 1-1: Ball 2-1: Swinging Strike 2-2: Foul Ball, location: 2F 2-2: Ball 3-2: Strikes out swinging
|
Top of the 9th over - 0 run(s), 0 hit(s), 0 error(s), 0 left on base; Menlo 3 - San Diego 9 |
|